 Dungeon Crawl Stone Soup version 0.32-a0-928-g1cae6b7ea0 (webtiles) character file.

Game seed: 14846692056484132385

156588 Shayle the Blinker (level 17, -9/133 HPs)
             Began as a Coglin Alchemist on Apr 11, 2024.
             Was the Champion of Cheibriados.
             Shot with a sling bullet by a faun (17 damage)
             ... led by a satyr
             ... on level 3 of the Shoals on Apr 12, 2024.
             The game lasted 02:53:17 (41722 turns).

Shayle the Blinker (Coglin Alchemist)              Turns: 41722, Time: 02:53:18

Health: -9/133     AC: 16    Str: 23    XL:     17   Next: 67%
Magic:  5/29       EV: 23    Int: 37    God:    Cheibriados [******]
Gold:   1421       SH:  0    Dex: 31    Spells: 9/32 levels left

rFire   + + .        A - +3 scimitar (holy) {Appia}
rCold   . . .        d - +1 long sword (freeze) {Xiang}
rNeg    . . .        t - +2 leather armour {rF+}
rPois   +            u - +2 helmet
rElec   .            s - +2 cloak
rCorr   +            i - +1 pair of gloves
SInv    .            b - +2 pair of boots
Will    .....        (amulet unavailable)
Stlth   +            (ring unavailable)
HPRegen 0.42/turn    (ring unavailable)
MPRegen 0.21/turn    N - neodymium turboactuator {RevMP, rPois rF+ rCorr}

%: no passive effects
@: lit by a corona, weak-willed, glowing, studying 2 skills, very slow
A: off-hand wielding, slow wielding, warmup strikes, no jewellery
a: Renounce Religion, Bend Time, Temporal Distortion, Slouch, Step From Time


You were on level 3 of the Shoals.
You worshipped Cheibriados.
Cheibriados was exalted by your worship.
You visited 6 branches of the dungeon, and saw 29 of its levels.
You also visited: Sewer, Ice Cave and Volcano.

You collected 3290 gold pieces.
You spent 1869 gold pieces at shops.

Inventory:

Hand Weapons
 d - a +1 long sword of freezing (offhand) {Xiang}
 g - a +4 spear {Cipactli}
 A - a +3 scimitar of holy wrath (weapon) {Appia}
 M - a +2 flail of draining {María}
Missiles
 v - 5 throwing nets
 E - 3 curare-tipped darts
Armour
 b - a +2 pair of boots (worn)
 i - a +1 pair of gloves (worn)
 s - a +2 cloak (worn)
 t - a +2 leather armour of fire resistance (worn)
 u - a +2 helmet (worn)
 G - a +0 troll leather armour
Gizmo
 N - a neodymium turboactuator (installed) {RevMP, rPois rF+ rCorr}
   (You invented it yourself on level 4 of the Lair of Beasts)

   [neodymium turboactuator]

   RevMP:     Your magic regeneration increases greatly based on how Revved you
   are.
   rF+:       It protects you from fire.
   rPois:     It protects you from poison.
   rCorr:     It protects you from acid and corrosion.
Wands
 p - a wand of digging (1)
 r - a wand of flame (38)
 x - a wand of charming (16)
 B - a wand of roots (4)
 C - a wand of light (5)
 J - a wand of polymorph (10)
 K - a wand of mindburst (10)
Scrolls
 h - 4 scrolls of amnesia
 j - a scroll of silence
 k - 5 scrolls of teleportation
 l - 4 scrolls of immolation
 m - 3 scrolls of fear
 n - 15 scrolls of identify
 o - 5 scrolls of revelation
 w - 3 scrolls of noise
 y - 2 scrolls of torment
 I - a scroll of vulnerability
 P - a scroll of fog
Potions
 a - a potion of cancellation
 c - 4 potions of lignification
 e - a potion of mutation
 f - a potion of brilliance
 q - 6 potions of curing
 z - 2 potions of attraction
 D - 3 potions of berserk rage
 F - 4 potions of might
 L - 2 potions of ambrosia
 O - a potion of resistance


   Skills:
 - Level 12.2 Fighting
 - Level 12.0 Long Blades
 - Level 11.3 Dodging
 - Level 1.5 Stealth
 - Level 8.4 Spellcasting
 - Level 3.0 Conjurations
 - Level 15.7 Translocations
 + Level 8.1 Fire Magic
 + Level 7.4 Air Magic
 - Level 7.4 Alchemy
 + Level 10.1 Invocations


You had 9 spell levels left.
You knew the following spells:

 Your Spells              Type           Power      Damage    Failure   Level
a - Sting                 Conj/Alch      100%       1d9       1%          1
b - Mephitic Cloud        Conj/Alch/Air  56%        N/A       1%          3
c - Sticky Flame          Fire/Alch      64%        2d11      1%          4
d - Olgreb's Toxic Radia  Alch           63%        N/A       1%          4
e - Vhi's Electric Charg  Tloc/Air       100%       N/A       1%          4
f - Manifold Assault      Tloc           46%        N/A       3%          7

Your spell library contained the following spells:

 Spells                   Type           Power      Damage    Failure   Level
 Maxwell's Portable Pile  Tloc           93%        2d(14-41) 0%          3
 Mercury Vapours          Alch/Air       100%       N/A       1%          2
 Volatile Blastmotes      Fire/Tloc      100%       2d18      1%          3
 Dimensional Bullseye     Hex/Tloc       32%        N/A       1%          4
 Iskenderun's Mystic Bla  Conj/Tloc      71%        2d14      (+2d81%     4
 Passage of Golubria      Tloc           93%        N/A       1%          4
 Summon Small Mammal      Summ           60%        N/A       3%          1
 Call Imp                 Summ           30%        N/A       4%          2
 Sublimation of Blood     Necr           15%        N/A       4%          2
 Dazzling Flash           Conj/Hex       52%        N/A       4%          3
 Summon Blazeheart Golem  Fire/Summ      45%        N/A       5%          4
 Call Canine Familiar     Summ           15%        N/A       9%          3
 Fugue of the Fallen      Necr           15%        N/A       9%          3
 Ozocubu's Armour         Ice            15%        N/A       9%          3
 Passwall                 Erth           15%        N/A       9%          3
 Tukima's Dance           Hex            15%        N/A       9%          3
 Arcjolt                  Conj/Air       26%        1d36      10%         5
 Silence                  Hex/Air        21%        N/A       19%         5
 Plasma Beam              Fire/Air       32%        2x1d45    19%         6
 Curse of Agony           Necr           15%        N/A       63%         5
 Bombard                  Conj/Erth      13%        9d3       94%         6
 Summon Hydra             Summ           7%         N/A       100%        7
 Lehudib's Crystal Spear  Conj/Erth      13%        10d4      100%        8
 Maxwell's Capacitive Co  Air            31%        ∞         100%        8


Dungeon Overview and Level Annotations

Branches:
Dungeon (15/15)            Temple (1/1) D:6            Lair (5/5) D:10
 Shoals (3/4) Lair:3       Spider (3/4) Lair:2        Slime (0/5) Lair:4
    Orc (2/2) D:10            Elf (0/3) Orc:2        Vaults (0/5) D:13
  Sewer (visited)           IceCv (visited)         Volcano (visited)
 Depths: D:15

Altars:
Ashenzari
Cheibriados
Dithmenos
Elyvilon
Fedhas
Gozag
Hepliaklqana
Kikubaaqudgha
Makhleb
Nemelex Xobeh
Okawaru
Qazlal
Ru
Sif Muna
Trog
Uskayaw
Vehumet
Wu Jian
Xom
Yredelemnul
Zin
The Shining One
Beogh
Jiyva
Lugonu

Shops:
D:2 (   D:7 ([   D:9 (   D:12 [   Orc:2 =:!(

Portals:
Abyss: Lair:5

Annotations:
D:4 exclusion: statue
D:6 Grinder
D:8 Maurice
D:15 Jorgrun
Spider:3 Mara


Innate Abilities, Weirdness & Mutations

You can wield a second weapon in your off-hand.
It takes a long time for you to wield or remove held weapons.
Your first few attacks do less damage.
You cannot equip rings or amulets.


Message History

The ball explodes into a vile cloud!
The stinking cloud engulfs the satyr.
The satyr is moderately wounded.
The stinking cloud engulfs the faun.
The faun is heavily wounded.
The faun shoots a sling bullet.
The sling bullet completely misses you.
The satyr is engulfed in noxious fumes.
The satyr appears confused.
The satyr unwields a +0 longbow.
The satyr wields a +0 spear.
The satyr closely misses the faun.
The faun shoots a sling bullet.
The sling bullet completely misses you.
Unknown command.
The faun shoots a sling bullet.
The sling bullet barely misses you.
The satyr is engulfed in noxious fumes.
The satyr appears confused.
The faun shoots a sling bullet.
The sling bullet barely misses you. The faun casts a spell at you.
You are outlined in light.
The faun shoots a sling bullet.
The sling bullet barely misses you.
Unknown command.
You feel better.
The faun shoots a sling bullet.
The sling bullet hits you!
The faun shoots a sling bullet.
The sling bullet barely misses you.
Unknown command.
The satyr is engulfed in noxious fumes.
The satyr appears confused.
The faun shoots a sling bullet.
The sling bullet closely misses you.
The faun shoots a sling bullet.
The sling bullet hits you!
* * * LOW HITPOINT WARNING * * *
Unknown command.
You slice the faun with your +3 scimitar of holy wrath!!
You kill the faun!
Cheibriados appreciates the change of pace.
The satyr looks very confused.
The faun shoots a sling bullet.
The sling bullet barely misses you.
Unknown command.
The faun no longer looks unusually strong.
The satyr is engulfed in noxious fumes.
The faun shoots a sling bullet.
The sling bullet hits you!
* * * LOW HITPOINT WARNING * * *
The satyr hits you with a +0 spear!
* * * LOW HITPOINT WARNING * * *
The faun shoots a sling bullet.
The sling bullet hits you!
You die...
Cheibriados appreciates the motionlessness of death.

~≈≈≈≈≈
~....~....~~≈≈≈≈≈≈
~≈≈≈
~.......~.~~≈≈≈≈≈≈≈
~≈≈≈
~..#....?.)~≈≈≈≈≈≈≈
~~≈≈
....###..~..~≈≈≈≈≈≈
~≈≈≈
....##..)...~~≈≈≈≈≈
~≈≈≈
..........~~~~≈≈≈≈≈
≈≈≈≈≈
~.........)..)~~~~≈
≈≈≈≈≈≈
...........$.~~~.~≈
≈≈≈≈≈≈
....~c.@.....~~~~~~
≈≈≈≈≈≈
.~~~~°~§c~.......~~
~~~≈≈≈
~~~~~§☼§..#.......~
~~~≈≈≈
~~~≈~..☼..#.......~
~~~≈≈≈
~~~~~~..../.......~
~~≈≈≈≈
.~......~.....~~.~~
~~~≈≈≈
....~........~~~..
~~~≈≈≈
~...~~.......~
~~~≈≈≈


You could see a satyr (confused, poisoned) and a faun (very poisoned).

Vanquished Creatures
  Arachne (Spider:3)
  A kraken (Shoals:1)
  A tengu reaver (D:13)
  Aizul (Spider:2)
  Kirke (D:12)
  A frost giant (IceCv)
  An orc warlord (Orc:1)
  2 broodmothers
  A stone giant (Volcano)
  3 spark wasps (Spider:1)
  3 ettins
  2 merfolk javelineers (Shoals:3)
  6 entropy weavers
  A merfolk impaler (Shoals:1)
  An entropy weaver (shapeshifter) (D:14)
  Harold (Orc:1)
  Erolcha (D:10)
  A rakshasa (D:14)
  A catoblepas (Lair:5)
  2 hydras
  A jorogumo (Spider:2)
  4 centaur warriors
  3 boulder beetles
  2 ogre magi (Orc:2)
  16 death yaks
  2 alligator snapping turtles (Shoals:2)
  10 two-headed ogres
  An orc high priest (Orc:2)
  3 thrashing horrors (Lair:5)
  6 demonic crawlers
  3 pharaoh ants
  3 skysharks
  Lodul (D:10)
  A large abomination (Lair:5)
  11 orb spiders
  2 deep trolls (Orc:2)
  9 sea snakes
  A harpy (shapeshifter) (Lair:5)
  An obsidian bat (Volcano)
  A deep elf pyromancer (D:14)
  2 necromancers (Orc:1)
  3 harpies (Shoals:1)
  3 steelbarb worms (Spider:2)
  9 wolf spiders
  2 orc sorcerers
  7 manticores
  20 fauns
  3 ugly things
  7 merfolk sirens
  A salamander (shapeshifter) (D:13)
  7 cyclopes
  5 elephants (Lair:4)
  3 black mambas
  An ice statue (IceCv)
  A meliai (Spider:2)
  2 water nymphs
  13 cane toads
  A cane toad (shapeshifter) (D:14)
  3 smoke demons (Lair:5)
  11 komodo dragons
  12 rime drakes
  A freezing wraith (D:14)
  13 trolls
  5 merfolk
  5 polar bears
  18 tarantellas
  A hornet (Spider:1)
  21 blink frogs
  2 wind drakes
  2 raiju (Lair:5)
  14 jumping spiders
  4 dream sheep
  An ettin zombie (Orc:1)
  5 snapping turtles
  8 slime creatures
  Sigmund (D:3)
  A shadow (D:11)
  An ettin skeleton (Orc:1)
  2 wraiths
  16 culicivoras
  A spriggan (Lair:5)
  2 water elementals
  A vampire (D:12)
  2 ynoxinuls (Lair:5)
  8 fire bats
  2 hogs (D:12)
  3 wyverns
  3 fire elementals (Volcano)
  23 yaks
  4 basilisks
  A warg (Orc:1)
  39 redbacks
  3 vampire mosquitoes (D:14)
  3 acid dragons
  A hell hound (D:10)
  8 water moccasins
  25 orc warriors
  A sky beast (D:10)
  30 ogres
  2 orc zombies (Orc:1)
  6 black bears
  13 small abominations (Lair:5)
  7 centaurs
  14 wolves
  A phantom (D:6)
  5 kobold brigands
  14 bullfrogs
  2 gnoll sergeants
  6 scorpions
  8 wights
  10 killer bees
  4 howler monkeys
  4 lava snakes (Volcano)
  A hound (D:5)
  A jelly (D:5)
  16 orc priests
  A gnoll bouda (D:6)
  3 iguanas
  Ijyb (D:3)
  20 orc wizards
  An ogre skeleton (Orc:1)
  Robin (D:3)
  6 adders
  12 gnolls
  2 shadow imps
  A white imp (D:8)
  An ufetubus (D:7)
  An orc simulacrum (Orc:1)
  11 dart slugs
  2 ribbon worms (D:3)
  63 orcs
  6 ball pythons
  11 bats
  6 endoplasms
  14 giant cockroaches
  18 goblins
  9 hobgoblins
  6 jackals (D:3)
  16 kobolds
  7 quokkas
  11 frilled lizards
  A goblin skeleton (D:8)
  4 goblin zombies (D:8)
  4 hobgoblin zombies (D:8)
  2 kobold skeletons (D:8)
  3 orc skeletons
  10 rats
  7 tentacles (Shoals:1)
885 creatures vanquished.

Vanquished Creatures (collateral kills)
  A hydra (Lair:5)
  A black mamba (Lair:5)
  2 killer bees (D:8)
  An adder (D:5)
5 creatures vanquished.

Vanquished Creatures (others)
  A yak (IceCv)
  2 humans
  A gnoll (D:3)
  9 tentacles (Shoals:1)
13 creatures vanquished.

Grand Total: 903 creatures vanquished

Notes
Turn   | Place    | Note
-------+----------+-------------------------------------------
     0 | D:1      | Shayle the Coglin Alchemist began the quest for the Orb.
     0 | D:1      | Reached XP level 1. HP: 13/13 MP: 3/3
   158 | D:1      | Reached XP level 2. HP: 20/20 MP: 1/4
   412 | D:1      | HP: 1/20 [frilled lizard (2)]
   643 | D:1      | Reached skill level 1 in Fighting
   649 | D:1      | Reached XP level 3. HP: 26/26 MP: 6/6
  1356 | D:2      | Found Gegeut's Antique Weapon Boutique.
  1522 | D:2      | Noticed a scorpion
  1548 | D:2      | Learned a level 3 spell: Mephitic Cloud
  1559 | D:2      | Killed a scorpion
  1560 | D:2      | Reached XP level 4. HP: 33/33 MP: 3/7
  2108 | D:3      | Noticed Sigmund
  2168 | D:3      | Noticed a scorpion
  2181 | D:3      | Killed a scorpion
  2182 | D:3      | Reached XP level 5. HP: 8/38 MP: 3/9
  2185 | D:3      | Killed Sigmund
  2186 | D:3      | Reached XP level 6. HP: 10/46 MP: 4/10
  2266 | D:3      | Found a glowing drain.
  2283 | Sewer    | Entered a sewer
  2600 | Sewer    | Reached skill level 5 in Alchemy
  2608 | Sewer    | Reached XP level 7. HP: 40/52 MP: 5/12
  2808 | D:3      | Found an iron altar of Okawaru.
  2852 | D:3      | Noticed Ijyb
  3111 | D:3      | Killed Ijyb
  3265 | D:3      | Noticed Robin
  3272 | D:3      | Killed Robin
  3662 | D:3      | Found an ancient bone altar of Kikubaaqudgha.
  3663 | D:3      | Noticed a human
  3666 | D:3      | Killed a human
  3942 | D:4      | Found a stormy altar of Qazlal.
  4003 | D:4      | Found a shadowy altar of Dithmenos.
  4077 | D:4      | Found a radiant altar of Vehumet.
  4758 | D:5      | Entered Level 5 of the Dungeon
  4795 | D:5      | Found a basalt altar of Yredelemnul.
  5045 | D:5      | Reached XP level 8. HP: 33/60 MP: 4/14
  5188 | D:5      | Found a sacrificial altar of Ru.
  5582 | D:5      | Found a hazy altar of Hepliaklqana.
  5609 | D:6      | Found a bloodstained altar of Trog.
  5713 | D:6      | Found a white marble altar of Elyvilon.
  5713 | D:6      | Found a shimmering blue altar of Sif Muna.
  5856 | D:6      | Found a staircase to the Ecumenical Temple.
  5862 | Temple   | Entered the Ecumenical Temple
  5880 | Temple   | Became a worshipper of Cheibriados the Contemplative
  6050 | D:6      | Noticed Grinder
  6394 | D:7      | Noticed a +0 quick blade
  6395 | D:7      | Found Ocenurae's Weapon Boutique.
  6397 | D:7      | Noticed a +0 rapier
  6448 | D:7      | Found an opulent altar of Gozag.
  6503 | D:7      | Reached * piety under Cheibriados
  6504 | D:7      | Reached skill level 5 in Fighting
  6504 | D:7      | Reached skill level 5 in Dodging
  6653 | D:7      | Reached XP level 9. HP: 48/68 MP: 8/16
  6769 | D:7      | Reached skill level 5 in Spellcasting
  6983 | D:7      | Reached ** piety under Cheibriados
  7105 | D:7      | Learned a level 4 spell: Sticky Flame
  7148 | D:7      | Found Laschuf's Armour Boutique.
  7195 | D:7      | Reached skill level 1 in Conjurations
  7504 | D:8      | Learned a level 4 spell: Olgreb's Toxic Radiance
  7898 | D:8      | Found a glowing golden altar of the Shining One.
  7949 | D:8      | Reached skill level 1 in Fire Magic
  8241 | D:8      | You fall into a shaft and drop 1 floor!
  8328 | D:8      | Found a hide-covered altar of Uskayaw.
  8347 | D:8      | Reached *** piety under Cheibriados
  8783 | D:8      | Found a sparkling altar of Nemelex Xobeh.
  8963 | D:8      | Noticed an efreet
  8964 | D:8      | Noticed Maurice
  8985 | D:9      | Reached XP level 10. HP: 72/77 MP: 17/17
  9092 | D:9      | Found Vuweowe's Antique Weapon Boutique.
  9170 | D:9      | Reached skill level 1 in Translocations
  9437 | D:9      | Noticed a two-headed ogre
  9446 | D:9      | Killed a two-headed ogre
  9447 | D:9      | Reached skill level 2 in Translocations
  9813 | D:10     | Entered Level 10 of the Dungeon
  9818 | D:10     | Noticed Erolcha
  9847 | D:10     | Killed Erolcha
  9848 | D:10     | Reached skill level 3 in Translocations
  9849 | D:10     | Reached **** piety under Cheibriados
  9907 | D:10     | Found a staircase to the Orcish Mines.
  9916 | D:10     | Reached skill level 4 in Translocations
 10065 | D:10     | Found a staircase to the Lair.
 10328 | D:10     | Noticed Lodul
 10340 | D:10     | Killed Lodul
 10341 | D:10     | Reached XP level 11. HP: 52/87 MP: 11/18
 10346 | D:10     | Reached skill level 5 in Translocations
 10635 | D:10     | Reached ***** piety under Cheibriados
 10685 | Lair:1   | Entered Level 1 of the Lair of Beasts
 10786 | Lair:1   | Noticed a boulder beetle
 10826 | Lair:1   | Killed a boulder beetle
 11100 | Lair:1   | Reached skill level 6 in Translocations
 11746 | Lair:1   | Reached skill level 10 in Fighting
 11825 | Lair:1   | Reached skill level 7 in Translocations
 12095 | D:9      | Bought a glowing scimitar for 203 gold pieces
 12274 | D:10     | Noticed a two-headed ogre
 12284 | D:10     | Killed a two-headed ogre
 12675 | D:10     | Found a shimmering altar of Xom.
 12724 | D:10     | Reached XP level 12. HP: 89/97 MP: 15/19
 12872 | D:11     | Noticed a two-headed ogre
 12879 | D:11     | Killed a two-headed ogre
 13883 | Lair:1   | Reached skill level 8 in Translocations
 13884 | Lair:1   | Reached skill level 10 in Dodging
 14046 | Lair:2   | Learned a level 4 spell: Vhi's Electric Charge
 14053 | Lair:2   | Found a frozen archway.
 14062 | IceCv    | Entered an ice cave
 14084 | IceCv    | Noticed a death yak
 14090 | IceCv    | Killed a death yak
 14092 | IceCv    | Reached ****** piety under Cheibriados
 14432 | IceCv    | Noticed a death yak
 14442 | IceCv    | Killed a death yak
 14902 | IceCv    | Noticed a death yak
 14916 | IceCv    | Killed a death yak
 14917 | IceCv    | Reached skill level 9 in Translocations
 14992 | IceCv    | Noticed a death yak
 14993 | IceCv    | Noticed a death yak
 15006 | IceCv    | Killed a death yak
 15018 | IceCv    | Killed a death yak
 15108 | IceCv    | Noticed a death yak
 15108 | IceCv    | Noticed a frost giant
 15120 | IceCv    | Killed a death yak
 15121 | IceCv    | Reached XP level 13. HP: 87/107 MP: 7/20
 15127 | IceCv    | Killed a frost giant
 15579 | Lair:2   | Reached skill level 10 in Translocations
 15910 | Lair:2   | Found a hole to the Spider Nest.
 16690 | Lair:3   | Found a dark tunnel.
 16699 | Volcano  | Entered a volcano
 16977 | Volcano  | Noticed a stone giant
 17000 | Volcano  | Killed a stone giant
 17001 | Volcano  | Reached skill level 11 in Translocations
 17038 | Volcano  | Found a burning altar of Makhleb.
 17301 | Lair:3   | Learned a level 7 spell: Manifold Assault
 17338 | Lair:3   | Found a staircase to the Shoals.
 18690 | Lair:4   | Found a viscous altar of Jiyva.
 18690 | Lair:4   | Found a staircase to the Slime Pits.
 18843 | Lair:4   | Reached XP level 14. HP: 109/115 MP: 3/25
 18849 | Lair:4   | Reached skill level 12 in Translocations
 18849 | Lair:4   | Acquired a neodymium turboactuator {RevMP, rPois rF+ rCorr}
 19323 | Lair:5   | Entered Level 5 of the Lair of Beasts
 19729 | Lair:5   | Reached skill level 1 in Long Blades
 20364 | Lair:5   | Reached skill level 13 in Translocations
 20987 | Lair:5   | Reached skill level 5 in Long Blades
 22187 | Lair:5   | Found a corrupted altar of Lugonu.
 22187 | Lair:5   | Found a one-way gate to the infinite horrors of the Abyss.
 22191 | Lair:5   | Identified the +2 chain mail "Joumued" {Stlth+}
 22820 | D:12     | Noticed Kirke
 22831 | D:12     | Killed Kirke
 22832 | D:12     | Reached skill level 14 in Translocations
 23277 | D:12     | Found Damakhua's Antique Armour Shoppe.
 23285 | D:12     | Bought a runed cloak for 232 gold pieces
 23675 | D:12     | Reached XP level 15. HP: 121/121 MP: 12/27
 24831 | D:13     | Found a gate to the Vaults.
 24832 | D:13     | Noticed a tengu reaver
 24840 | D:13     | Killed a tengu reaver
 25176 | Orc:1    | Entered Level 1 of the Orcish Mines
 25177 | Orc:1    | Noticed an orc warlord
 25179 | Orc:1    | Found a roughly hewn altar of Beogh.
 25364 | Orc:1    | Killed an orc warlord
 25675 | Orc:1    | Found a roughly hewn altar of Beogh.
 25813 | Orc:1    | Noticed Harold
 25825 | Orc:1    | Killed Harold
 26064 | Orc:2    | Entered Level 2 of the Orcish Mines
 26364 | Orc:2    | Found a roughly hewn altar of Beogh.
 26558 | Orc:2    | Reached skill level 15 in Translocations
 26913 | Orc:2    | Found a staircase to the Elven Halls.
 26913 | Orc:2    | Found Asmoeme's Book Emporium.
 26915 | Orc:2    | Found Nuiczyuk's Antique Weapon Shoppe.
 26986 | Orc:2    | Found Idau's Jewellery Shop.
 26992 | Orc:2    | Found Zod Emut's Distillery.
 27001 | Orc:2    | Bought a potion of magic for 104 gold pieces
 27001 | Orc:2    | Bought 2 potions of heal wounds for 130 gold pieces
 27329 | Orc:2    | Bought a manual of Invocations for 1200 gold pieces
 27820 | D:14     | Reached skill level 10 in Long Blades
 27820 | D:14     | Reached skill level 1 in Invocations
 29163 | D:15     | Entered Level 15 of the Dungeon
 29169 | D:15     | Noticed Jorgrun
 29172 | D:15     | Reached skill level 1 in Air Magic
 29437 | Spider:1 | Entered Level 1 of the Spider Nest
 29677 | Lair:1   | Upgraded the game from 0.32-a0-918-g0f22ef8d61 to
                  | 0.32-a0-928-g1cae6b7ea0
 29826 | Lair:2   | Reached XP level 16. HP: 115/127 MP: 28/28
 31332 | Spider:1 | Reached skill level 5 in Invocations
 32944 | Spider:2 | Reached skill level 5 in Fire Magic
 33163 | Spider:2 | Identified the serpent talisman "Baableel" {Dex+4}
 33163 | Spider:2 | Noticed Aizul
 33382 | Spider:2 | Killed Aizul
 35103 | Spider:3 | Reached skill level 5 in Air Magic
 35857 | Spider:3 | Noticed Arachne
 35863 | Spider:3 | HP: 6/127 [Arachne/staff of alchemy (4)]
 35868 | Spider:3 | Killed Arachne
 35985 | Spider:3 | Reached XP level 17. HP: 78/133 MP: 25/29
 36227 | Spider:3 | Noticed Mara
 36234 | Spider:3 | Noticed Shayle's illusion
 36244 | Spider:3 | HP: 6/131 [tarantella[a torpor snail] (4)]
 36542 | Spider:3 | Noticed Shayle's illusion
 36632 | Shoals:1 | Entered Level 1 of the Shoals
 37199 | Shoals:1 | Noticed a kraken
 37610 | Shoals:1 | Killed a kraken
 41682 | Shoals:3 | Reached skill level 10 in Invocations
 41722 | Shoals:3 | Shot with a sling bullet by a faun

Illustrated notes

Levels and vault maps discovered:
D:1:      dpeg_arrival_subterranean_lakeside_camping, layout_basic,
          grunt_decor_cap
D:2:      layout_loops_corners, serial_shops, shop_fountains,
          minmay_misc_feat_nine_boxes
D:3:      layout_basic, tgw_kikubaaqudgha, mainiacjoe_overflow_24_doors,
          cheibrodos_sewer_entry_bend, minmay_pentomino_pile, uniq_sigmund,
          uniq_ijyb, uniq_robin
D:4:      layout_basic, vehumet_statue, grunt_dithmenos_smoke_and_mirrors,
          nicolae_qazlal_general_emergency
D:5:      layout_loops_ring, mainiacjoe_overflow_small_starburst,
          nicolae_ru_great_annihilating_truth,
          worldfamousw_hep_ancestral_shrine, nicolae_kite_square_tiling_tiny,
          serial_bayou_pond_d
D:6:      layout_cave_pools, overflow_temple_1_default,
          gammafunk_temple_overflow_statue, temple_green, uniq_grinder
D:7:      layout_gridville, grunt_gozag_statues, serial_shops,
          nicolae_inconvenience_store, nicolae_shop_mannequins,
          grunt_ministairs_3, serial_park_tiny_1
D:8:      layout_layer_cave, kennysheep_little_box,
          nicolae_tso_besieged_by_evil, nemelex_diamond_rough_becter,
          small_chamber_with_monster, feat_on_display, uniq_maurice
D:9:      layout_gridville, serial_shops, nicolae_lakefront_shop
D:10:     layout_grid_maze, regret_index_xom_of_box,
          due_lair_maze_entry_diamond, david_orc_3,
          hangedman_decor_clover_reticule, uniq_lodul, uniq_erolcha
D:11:     layout_long_grid, minivault_10
D:12:     layout_layer_cave, serial_shops, shop, uniq_kirke
D:13:     layout_roguey, hellmonk_vaults_attempted_burglary,
          grunt_decor_resistance
D:14:     layout_loops_cross
D:15:     grunt_enter_depths_snipers, layout_irregular_city,
          chequers_serial_rivers_micro_e, moated_statue, uniq_jorgrun
Temple:   corrupted_temple
Lair:1:   layout_misc_corridors
Lair:2:   layout_regular_city, nicolae_spider_entry_lesser_pyramids,
          portal_ice_cave_entry_pillars_2, grunt_megastairs_2, lemuel_fruit_tree
Lair:3:   layout_gridlike, minmay_shoals_entry_hut,
          nicolae_volcano_entry_hallway
Lair:4:   layout_regular_city, slime_entry_1
Lair:5:   hellmonk_lair_end_abyssal_woods, layout_hall_layers, minivault_27
Shoals:1: layout_shoals
Shoals:2: layout_shoals
Shoals:3: layout_shoals, uniq_ilsuiw
Spider:1: layout_spider_delve, nicolae_spider_paper_wasps
Spider:2: layout_spider_delve, nicolae_spider_orb_run, uniq_aizul
Spider:3: layout_spider_delve, uniq_arachne, uniq_mara
Orc:1:    dreamdust_under_siege, layout_caves, mines2_david, uniq_harold
Orc:2:    st_orc_open, layout_diamond_mine, regret_index_minedec_devilstone,
          bh_open_orc_temple

Skill      XL: |  1  2  3  4  5  6  7  8  9 10 11 12 13 14 15 16 17 |
---------------+----------------------------------------------------+-----
Dodging        | 2 3 4 5 6 8 9 11 | 11.3
Spellcasting   | 2 3 4 5 7 8 |  8.4
Fighting       | 1 2 3 4 5 6 8 10 11 12 | 12.2
Alchemy        | 4 5 6 7 |  7.4
Conjurations   | 2 3 |  3.0
Fire Magic     | 2 3 6 8 |  8.1
Translocations | 4 7 9 11 14 15 | 15.7
Long Blades    | 6 10 11 12 | 12.0
Invocations    | 3 7 10 | 10.1
Air Magic      | 1 5 7 |  7.4
Stealth        | |  1.5

Action                     |  1- 3 |  4- 6 |  7- 9 | 10-12 | 13-15 | 16-18 || total
---------------------------+-------+-------+-------+-------+-------+-------++-------
  Melee: Unarmed           |    17 |       |       |       |       |       ||    17
         Long sword        |    35 |    67 |   309 |   242 |   560 |   528 ||  1741
         Dagger            |    17 |       |       |       |       |       ||    17
         Spear             |    21 |    63 |   318 |   239 |   157 |       ||   798
         Scimitar          |       |       |       |       |   408 |   510 ||   918
         Flail             |       |       |       |       |     5 |       ||     5
   Cast: Sting             |    19 |     7 |    15 |     8 |     8 |       ||    57
         Mephitic Cloud    |       |     3 |    39 |    41 |    50 |    44 ||   177
         Sticky Flame      |       |       |     5 |    45 |    85 |    62 ||   197
         Olgreb's Toxic Ra |       |       |       |     7 |    31 |     9 ||    47
         Vhi's Electric Ch |       |       |       |     1 |     1 |     1 ||     3
         Manifold Assault  |       |       |       |       |   136 |   230 ||   366
 Invoke: Step From Time    |       |       |       |       |       |     2 ||     2
         Slouch            |       |       |       |       |       |     1 ||     1
         Temporal Distorti |       |       |       |       |       |     1 ||     1
Ability: Invent Gizmo      |       |       |       |       |     1 |       ||     1
  Evoke: Wand              |       |       |     1 |    14 |    17 |    22 ||    54
    Use: Potion            |       |     3 |       |     3 |     3 |    14 ||    23
         Scroll            |       |     4 |    11 |    12 |    13 |     8 ||    48
   Stab: Sleeping          |     5 |     2 |     5 |       |     1 |       ||    13
         Confused          |       |     2 |    34 |    55 |    58 |    35 ||   184
         Paralysed         |       |       |     1 |       |       |       ||     1
         Invisible         |       |       |       |     1 |     3 |     1 ||     5
         Distracted        |       |       |       |       |     3 |       ||     3
 Armour: Robe              |    59 |    49 |    20 |       |       |       ||   128
         Skin              |       |     7 |       |       |       |       ||     7
         Leather armour    |       |       |   205 |   168 |   287 |   318 ||   978
  Dodge: Dodged            |    52 |    50 |   226 |   352 |   628 |   428 ||  1736

Table legend: (Time is in decaauts)
 A = Elapsed time spent in this place.
 B = Non-inter-level travel time spent in this place.
 C = Inter-level travel time spent in this place.
 D = Time resting spent in this place.
 E = Time spent auto-exploring this place.
 F = Levels seen in this place.
 G = Mean time per level.
                   A        B        C        D        E       F      G
               +--------+--------+--------+--------+--------+-----+--------+
         Total |  55044 |  52210 |   2834 |  16033 |  25480 |  32 | 1720.1 |
       Dungeon |  21766 |  20539 |   1227 |   3471 |  13190 |  15 | 1451.1 |
        Temple |     35 |     19 |     16 |      0 |      0 |   1 |   35.0 |
          Lair |  13226 |  12048 |   1178 |   3419 |   6759 |   5 | 2645.2 |
        Shoals |   6533 |   6408 |    125 |   2626 |   2722 |   3 | 2177.7 |
   Spider Nest |   7525 |   7417 |    108 |   4601 |   1587 |   3 | 2508.3 |
  Orcish Mines |   2868 |   2690 |    178 |    695 |   1055 |   2 | 1434.0 |
         Sewer |    521 |    521 |      0 |    142 |     71 |   1 |  521.0 |
      Ice Cave |   1875 |   1875 |      0 |    922 |      0 |   1 | 1875.0 |
       Volcano |    692 |    692 |      0 |    154 |     94 |   1 |  692.0 |
               +--------+--------+--------+--------+--------+-----+--------+

Top non-repeatable levels by time:
  Lair:5: 4420 daAuts
Shoals:1: 3123 daAuts
Spider:1: 2907 daAuts
  Lair:1: 2726 daAuts
    D:10: 2705 daAuts
    D:12: 2627 daAuts
Spider:2: 2595 daAuts
  Lair:2: 2386 daAuts
Shoals:2: 2258 daAuts
    D:13: 2182 daAuts
Spider:3: 2021 daAuts
    D:14: 1900 daAuts
     D:8: 1886 daAuts
   IceCv: 1875 daAuts
  Lair:3: 1868 daAuts
